 Dungeon Crawl Stone Soup version 0.29-a0-1018-g6b6670bd90 (webtiles) character file.

Game seed: 17529886668858695114

3725 mBirk the Cruncher (level 9, -2/71 HPs)
             Began as a Demonspawn Abyssal Knight on Aug 10, 2022.
             Was an Elder of Lugonu.
             Killed by an exploding two-headed ogre (5 damage)
             ... ignited by their inner flame
             ... on level 9 of the Dungeon.
             The game lasted 01:08:43 (9239 turns).

mBirk the Cruncher (Demonspawn Abyssal Knight)      Turns: 9239, Time: 01:08:49

Health: -2/71      AC: 18    Str: 18    XL:     9   Next: 92%
Magic:  11/11      EV: 12    Int: 11    God:    Lugonu [****..]
Gold:   446        SH:  0    Dex: 20    Spells: 8/8 levels left

rFire   . . .      SeeInvis .   u - +3 quarterstaff (chaos)
rCold   + . .      Faith    .   (shield currently unavailable)
rNeg    . . .      Spirit   .   n - +1 chain mail {rC+}
rPois   .          Reflect  .   j - +2 hat
rElec   .          Harm     .   D - +1 cloak {Will+}
rCorr   .          Rampage  .   (no gloves)
Will    +....                   (no boots)
Stlth   ..........              (no amulet)
HPRegen 0.21/turn               r - +6 ring of dexterity
MPRegen 0.12/turn               B - +4 ring of evasion

@: flying
A: horns 1, yellow scales 2, spiny 1
a: Renounce Religion, Depart the Abyss, Bend Space, Banish, Corrupt


You were on level 9 of the Dungeon.
You worshipped Lugonu.
Lugonu was greatly pleased with you.
You visited 1 branch of the dungeon, and saw 9 of its levels.
You visited the Abyss 1 time.

You collected 446 gold pieces.

Inventory:

Hand Weapons
 a - a +1 spear
 u - a +3 quarterstaff of chaos (weapon)
 A - a +0 vorpal sling
 G - a +0 demon whip of venom
Missiles
 d - 5 poisoned darts
 m - 9 atropa-tipped darts
 C - 5 javelins
Armour
 b - a +0 leather armour
 e - a +0 ring mail
 j - a +2 hat (worn)
 n - a +1 chain mail of cold resistance (worn)
 v - a +0 cloak
 D - a +1 cloak of willpower (worn)
Jewellery
 c - a ring of ice
 r - a +6 ring of dexterity (left hand)
 B - a +4 ring of evasion (right hand)
Wands
 o - a wand of digging (6)
 y - a wand of polymorph (10)
Scrolls
 f - 2 scrolls of amnesia
 g - a scroll of poison
 i - 3 scrolls of immolation
 k - a scroll of teleportation
 p - a scroll of butterflies
 q - a scroll of silence {unknown}
 x - a scroll of noise
 z - 2 scrolls of enchant armour {unknown}
 E - a scroll of summoning {unknown}
Potions
 h - 3 potions of might
 l - a potion of heal wounds {unknown}
 s - 2 potions of brilliance {unknown}
 t - a potion of lignification
 w - 3 potions of mutation


   Skills:
 * Level 6.7 Fighting
 - Level 3.7(7.0) Polearms
 * Level 9.4(9.7) Staves
 + Level 1.4 Throwing
 + Level 5.3 Armour
 + Level 1.6 Dodging
 + Level 2.6 Stealth
 + Level 2.7 Invocations


You had 8 spell levels left.
You didn't know any spells.
Your spell library contained the following spells:

 Spells                   Type           Power      Damage    Failure   Level
 Magic Dart               Conj           0%         1d3       99%         1
 Shock                    Conj/Air       0%         1d3       99%         1
 Ensorcelled Hibernation  Hex/Ice        0%         N/A       99%         2
 Passwall                 Tmut/Erth      0%         N/A       99%         2
 Searing Ray              Conj           0%         2d4       99%         2
 Dazzling Flash           Conj/Hex       0%         N/A       100%        3
 Portal Projectile        Hex/Tloc       0%         N/A       100%        3
 Swiftness                Air            0%         N/A       100%        3
 Tukima's Dance           Hex            0%         N/A       100%        3
 Airstrike                Air            0%         2d(0-16)  100%        4
 Fulminant Prism          Conj/Hex       0%         3d6       100%        4
 Iskenderun's Mystic Bla  Conj/Tloc      0%         2d3       100%        4
 Summon Lightning Spire   Summ/Air       0%         N/A       100%        4
 Blade Hands              Tmut           0%         N/A       100%        5
 Starburst                Conj/Fire      0%         6d3       100%        6
 Storm Form               Tmut/Air       0%         N/A       100%        7
 Maxwell's Capacitive Co  Air            0%         ∞         100%        8


Dungeon Overview and Level Annotations

Branches:
Dungeon (9/15)             Temple (0/1) D:5            Lair (0/5) D:8
    Orc: D:9-12

Altars:
Ashenzari
Cheibriados
Ru

Annotations:
D:6 2 transporters, dunno567's ghost, novice GnWn
D:8 corrupted


Innate Abilities, Weirdness & Mutations

You have a pair of small horns on your head.
You are mostly covered in yellow scales. (AC +3)
You are partially covered in sharp spines.


Message History

As you read the scroll of immolation, it crumbles to dust.
The creatures around you are filled with an inner flame!
The two-headed ogre attacks as you move away!
The two-headed ogre hits you with a +0 giant club!
The two-headed ogre misses you.
The two-headed ogre is struck by your spines.
Flame seeps out of the two-headed ogre.
The two-headed ogre barely misses you.
The two-headed ogre hits you with a +0 giant club.
The two-headed ogre is engulfed in blazing flames.
Flame seeps out of the two-headed ogre.
The two-headed ogre attacks as you move away!
The two-headed ogre is struck by your spines.
Flame seeps out of the two-headed ogre.
The two-headed ogre hits you with a +0 giant club!!
The two-headed ogre misses you.
The two-headed ogre is engulfed in blazing flames.
Flame seeps out of the two-headed ogre.
Okay, then.
The two-headed ogre attacks as you move away!
The two-headed ogre hits you with a +0 giant club!
The two-headed ogre hits you with a +0 giant club!!
* * * LOW HITPOINT WARNING * * *
Okay, then.
You feel very buoyant.
You fly up into the air.
The two-headed ogre is struck by your spines.
Flame seeps out of the two-headed ogre.
The two-headed ogre barely misses you.
The two-headed ogre hits you with a +0 giant club.
* * * LOW HITPOINT WARNING * * *
You thump the two-headed ogre!
Flame seeps out of the two-headed ogre.
You freeze the two-headed ogre.
Flame seeps out of the two-headed ogre.
The two-headed ogre is severely wounded.
You hit the two-headed ogre.
Flame seeps out of the two-headed ogre.
You burn the two-headed ogre.
Flame seeps out of the two-headed ogre.
The two-headed ogre is almost dead.
The two-headed ogre is engulfed in blazing flames.
Lugonu accepts your kill.
The two-headed ogre explodes!
The fiery explosion engulfs you.
You die...

#.>...$......#
#............#
###########..# ##
#..####.... #..........
###########........#
#.........§§.......#
#.......<§°§.......####
##########@§...........
#.............
#.............
#.............
##########.............
#...<..................
#......................
#.########.............
# #.............


There were no monsters in sight!

Vanquished Creatures
  A two-headed ogre (D:9)
  Joseph (D:7)
  4 yaks (D:8)
  4 water moccasins
  2 black bears
  2 ogres (D:5)
  2 centaurs
  2 phantoms
  2 bullfrogs
  3 necrophages
  A gnoll sergeant (D:6)
  4 scorpions
  4 wights (D:8)
  2 howler monkeys
  2 jellies (D:4)
  4 hounds
  Crazy Yiuf (D:3)
  2 gnoll boudas (D:7)
  6 iguanas
  Jessica (D:3)
  3 orc wizards
  9 gnolls
  3 adders
  A shadow imp (D:5)
  2 white imps
  An ufetubus (D:4)
  A worm (D:3)
  4 dart slugs
  16 orcs
  2 endoplasms
  6 giant cockroaches
  3 hobgoblins
  8 kobolds
  8 quokkas
  4 ball pythons
  4 bats
  3 frilled lizards
  6 rats
134 creatures vanquished.

Vanquished Creatures (others)
  Amaemon (D:8)
  An orange demon (D:8)
  4 fungi
  19 plants
  2 starspawn tentacles (D:8)
27 creatures vanquished.

Grand Total: 161 creatures vanquished

Notes
Turn   | Place    | Note
-------+----------+-------------------------------------------
     0 | Abyss:1  | mBirk the Demonspawn Abyssal Knight began the quest for the
                  | Orb.
     0 | Abyss:1  | Reached XP level 1. HP: 18/18 MP: 2/2
     5 | D:1      | Escaped the Abyss
   221 | D:1      | Found a faded altar of an unknown god.
   404 | D:1      | Gained mutation: You are partially covered in yellow
                  | scales. (AC +2) [demonic ancestry]
   404 | D:1      | Reached XP level 2. HP: 24/24 MP: 3/3
   908 | D:1      | Reached XP level 3. HP: 29/30 MP: 4/4
  1862 | D:3      | Gained mutation: You have a pair of small horns on your
                  | head. [demonic ancestry]
  1862 | D:3      | Reached XP level 4. HP: 15/37 MP: 5/5
  2255 | D:3      | Reached *** piety under Lugonu
  2474 | D:3      | Noticed Jessica
  2487 | D:3      | Killed Jessica
  2626 | D:3      | Found a sacrificial altar of Ru.
  2632 | D:3      | Reached XP level 5. HP: 36/42 MP: 6/6
  2896 | D:3      | Found a runed translucent door.
  2897 | D:3      | Noticed Crazy Yiuf
  2904 | D:3      | Killed Crazy Yiuf
  3012 | D:4      | Reached skill level 1 in Dodging
  3046 | D:4      | Reached skill level 1 in Staves
  3046 | D:4      | Reached XP level 6. HP: 41/48 MP: 7/7
  3401 | D:4      | Reached skill level 2 in Staves
  3768 | D:4      | Found a snail-covered altar of Cheibriados.
  4381 | D:5      | Entered Level 5 of the Dungeon
  4619 | D:5      | Reached skill level 1 in Stealth
  4649 | D:5      | Reached skill level 3 in Staves
  4649 | D:5      | Reached XP level 7. HP: 13/55 MP: 8/8
  4898 | D:5      | Found a staircase to the Ecumenical Temple.
  4901 | D:5      | Reached **** piety under Lugonu
  5117 | D:5      | Reached skill level 4 in Staves
  5575 | D:6      | Reached skill level 5 in Staves
  5575 | D:6      | Gained mutation: You are mostly covered in yellow scales.
                  | (AC +3) [demonic ancestry]
  5575 | D:6      | Reached XP level 8. HP: 56/61 MP: 9/9
  5616 | D:6      | Noticed dunno567's ghost (novice GnWn)
  5617 | D:6      | Noticed a cyclops
  5635 | D:6      | Found a transporter.
  5645 | D:6      | Found a transporter.
  5706 | D:6      | Reached skill level 5 in Fighting
  5875 | D:6      | Reached skill level 6 in Staves
  6575 | D:7      | Reached skill level 7 in Staves
  6652 | D:7      | Noticed Joseph
  6731 | D:7      | Killed Joseph
  6732 | D:7      | Gained mutation: You are partially covered in sharp spines.
                  | [demonic ancestry]
  6732 | D:7      | Reached XP level 9. HP: 24/69 MP: 10/10
  7533 | D:7      | Reached skill level 8 in Staves
  7759 | D:7      | Reached skill level 5 in Armour
  8051 | D:8      | Found a broken altar of Ashenzari.
  8110 | D:8      | Found a staircase to the Lair.
  8360 | D:8      | Reached skill level 9 in Staves
  8635 | D:8      | Reached skill level 1 in Throwing
  8751 | D:8      | Noticed Amaemon
  8756 | D:8      | Corrupted D:8
  8756 | D:8      | Noticed a tentacled starspawn
  8756 | D:8      | Noticed an apocalypse crab
  8756 | D:8      | Noticed a rust devil
  8757 | D:8      | Noticed a freezing wraith
  8760 | D:8      | Noticed an orange demon
  8765 | D:8      | Killed Amaemon
  8769 | D:8      | Killed an orange demon
  9218 | D:9      | Noticed a two-headed ogre
  9237 | D:9      | HP: 3/71 [two-headed ogre/+0 giant club (6)]
  9239 | D:9      | Killed a two-headed ogre
  9239 | D:9      | Killed by an exploding two-headed ogre... ignited by their
                  | inner flame

Illustrated notes

Levels and vault maps discovered:
D:1:      roderic_chinese_lattice_arrival, layout_rooms,
          ebering_ecumenical_altar_abandoned, minmay_3d_cube
D:2:      layout_rooms, chequers_serial_rivers_micro_e
D:3:      layout_basic, nicolae_ru_great_annihilating_truth,
          gup_sewer_entry_bowl, uniq_crazy_yiuf_cottage, uniq_jessica
D:4:      layout_layer_cave, cheibriados_altar_1
D:5:      layout_loops_ring, overflow_temple_1_default, temple_pool_b,
          reono_crystal_passage
D:6:      layout_loops_ring, gammafunk_ghost_arena, kennysheep_generic_room_13
D:7:      layout_gridville, chequers_serial_rivers_small_a,
          nicolae_grassy_gnolls, uniq_joseph
D:8:      layout_gridville, ashenzari_altar_1, dpeg_oklobed_lair, uniq_amaemon
D:9:      layout_small_grid, zombieorc1_lemuel, serial_shops,
          nicolae_shop_advertising_works [nicolae_subvault_shop_adworks]

Skill      XL: |  1  2  3  4  5  6  7  8  9 |
---------------+----------------------------+-----
Polearms       | 2 3 |  3.7
Armour         | 2 3 4 5 |  5.3
Fighting       | 4 6 |  6.7
Dodging        | 1 |  1.6
Staves         | 1 3 5 7 9 |  9.4
Stealth        | 1 2 |  2.6
Throwing       | 1 |  1.4
Invocations    | |  2.7

Action                   |  1- 3 |  4- 6 |  7- 9 || total
-------------------------+-------+-------+-------++-------
Melee: Spear             |   118 |    55 |       ||   173
       Punch             |     2 |       |       ||     2
       Headbutt          |       |    25 |    48 ||    73
       Quarterstaff      |       |    76 |   209 ||   285
Throw: Dart              |       |     1 |     2 ||     3
       Javelin           |       |       |    15 ||    15
Invok: Bend Space        |       |       |     1 ||     1
       Corrupt           |       |       |     1 ||     1
Evoke: Wand              |       |       |     1 ||     1
  Use: Scroll            |     4 |     2 |     9 ||    15
       Potion            |       |       |     6 ||     6
 Stab: Paralysed         |       |     3 |       ||     3
       Invisible         |       |     1 |       ||     1
       Confused          |       |       |     2 ||     2
Armor: Ring mail         |    48 |       |       ||    48
       Leather armour    |     1 |       |       ||     1
       Chain mail        |     4 |    65 |   113 ||   182
       Skin              |       |       |     7 ||     7
Dodge: Dodged            |    62 |    47 |    87 ||   196

Table legend: (Time is in decaauts)
 A = Elapsed time spent in this place.
 B = Non-inter-level travel time spent in this place.
 C = Inter-level travel time spent in this place.
 D = Time resting spent in this place.
 E = Time spent auto-exploring this place.
 F = Levels seen in this place.
 G = Mean time per level.
                   A        B        C        D        E       F      G
               +--------+--------+--------+--------+--------+-----+--------+
         Total |   9254 |   9254 |      0 |   1974 |   2553 |  10 |  925.4 |
       Dungeon |   9249 |   9249 |      0 |   1974 |   2553 |   9 | 1027.7 |
         Abyss |      5 |      5 |      0 |      0 |      0 |   1 |    5.0 |
               +--------+--------+--------+--------+--------+-----+--------+

Top non-repeatable levels by time:
     D:7: 1481 daAuts
     D:4: 1416 daAuts
     D:3: 1251 daAuts
     D:1: 1238 daAuts
     D:8: 1150 daAuts
     D:6: 1079 daAuts
     D:5: 1068 daAuts
     D:2: 489 daAuts
     D:9: 74 daAuts
 Abyss:1: 5 daAuts
